 Dungeon Crawl Stone Soup version 0.25-a0-663-gace7076f2c (webtiles) character file.

Game seed: 10381356965721156093, levelgen mode: deterministic

20 Mehrunes the Conjurer (level 2, 0/16 HPs)
             Began as a Deep Elf Conjurer on Mar 25, 2020.
             Slain by a leopard gecko (3 damage)
             ... on level 1 of the Dungeon.
             The game lasted 00:02:05 (234 turns).

Mehrunes the Conjurer (Deep Elf Conjurer)            Turns: 234, Time: 00:02:05

Health: 0/16       AC:  2    Str:  5    XL:     2   Next: 58%
Magic:  0/8        EV: 13    Int: 19    God:
Gold:   0          SH:  0    Dex: 15    Spells: 7/8 levels left

rFire    . . .     SeeInvis .   e - +0 dagger
rCold    . . .     Gourm    .   (no shield)
rNeg     . . .     Faith    .   a - +0 robe
rPois    .         Spirit   .   (no helmet)
rElec    .         Reflect  .   (no cloak)
rCorr    .         Harm     .   (no gloves)
MR       .....                  (no boots)
Stlth    ++........             (no amulet)
HPRegen  0.05/turn              (no ring)
MPRegen  0.11/turn              (no ring)

@: no status effects
A: no striking features
a: no special abilities


You were on level 1 of the Dungeon.
You were not hungry.

You visited 1 branch of the dungeon, and saw 1 of its levels.

Inventory:

Hand Weapons
 e - a +0 dagger (weapon)
Armour
 a - a +0 robe (worn)
Comestibles
 c - a ration
 d - 9 chunks of flesh


   Skills:
 + Level 1.0 Fighting
 - Level 2.4 Dodging
 - Level 2.4 Stealth
 + Level 3.5 Spellcasting
 + Level 4.6 Conjurations


You had 7 spell levels left.
You knew the following spells:

 Your Spells              Type           Power        Failure   Level  Hunger
a - Magic Dart            Conj           ###.         2%          1    None

Your spell library contained the following spells:

 Spells                   Type           Power        Failure   Level  Hunger
 Searing Ray              Conj           ###...       3%          2    ##.....
 Dazzling Flash           Conj/Hex       ##....       17%         3    ###....
 Fulminant Prism          Conj/Hex       ##........   50%         4    ####...
 Iskenderun's Mystic Bla  Conj/Tloc      ##......     50%         4    ####...


Dungeon Overview and Level Annotations

Branches:
Dungeon (1/15)

Altars:


Message History

The rat closely misses you. The leopard gecko closely misses you.
The leopard gecko barely misses you.
Things that are here:
a ball python skeleton; a rat skeleton The leopard gecko barely misses you.
You see here a rat corpse.
You butcher the rat corpse.
The rat bites you. The leopard gecko bites you.
* * * LOW HITPOINT WARNING * * *
Things that are here:
a chunk of flesh; a rat skeleton
Casting: Magic Dart (safe; 2% risk of failure)
Confirm with . or Enter, or press ? or * to list all spells.
Aiming: Magic Dart (safe; 2% risk of failure)
Press: ? - help, Shift-Dir - straight line, f/p - rat
Aim: a rat The magic dart hits the rat.
You kill the rat!
Your Fighting skill increases to level 1!
The leopard gecko bites you.
You die...

################
#..........÷().#
#....÷....r###(#########
#.......l†...........÷.#
#[......@....)<...)....#
#....(.###############...
)..[.....# ... ###.)....#
... #.>....# ... #.....#)
#.. >.......## ..
##.###.(. #. #...


You could see a leopard gecko and a rat.

Vanquished Creatures
  A leopard gecko (D:1)
  A ball python (D:1)
  4 hobgoblins (D:1)
  A kobold (D:1)
  A bat (D:1)
  2 frilled lizards (D:1)
  3 goblins (D:1)
  6 rats (D:1)
19 creatures vanquished.

Notes
Turn   | Place    | Note
-------+----------+-------------------------------------------
     0 | D:1      | Mehrunes the Deep Elf Conjurer began the quest for the Orb.
     0 | D:1      | Reached XP level 1. HP: 10/10 MP: 6/6
   101 | D:1      | Reached XP level 2. HP: 16/16 MP: 0/8
   234 | D:1      | Reached skill level 1 in Fighting
   234 | D:1      | Slain by a leopard gecko

Levels and vault maps discovered:
D:1:      erik_arrival_orb_chamber, layout_rooms, hangedman_decor_riveting

Skill      XL: |  1  2 |
---------------+-------+-----
Fighting       | 1 |  1.0
Dodging        | |  2.4
Stealth        | |  2.4
Spellcasting   | |  3.5
Conjurations   | |  4.6

Action                   || total
-------------------------++-------
Melee: Dagger            ||     7
 Cast: Magic Dart        ||    28
  Use: Scroll            ||     1
Armor: Robe              ||     5
Dodge: Dodged            ||    21

Table legend:
 A = Non-vault XP
 B = Vault XP
 C = Vault XP percentage of total XP
 D = Non-vault monster count
 E = Vault monster count
 F = Vault count percentage of total count
                 A         B        C        D         E       F
            +---------+---------+-------+---------+---------+-------
      Total |      25 |       4 |  13.8 |      15 |       4 |  21.1
            +---------+---------+-------+---------+---------+-------
        D:1 |      25 |       4 |  13.8 |      15 |       4 |  21.1
            +---------+---------+-------+---------+---------+-------
